 Dungeon Crawl Stone Soup version 0.29.0-15-g675c0067aa (webtiles) character file.

Game seed: 18382961402458602458

22428 mtoz the Protected (level 12, -4/110 HPs)
             Began as a Minotaur Fighter on Sept 11, 2022.
             Was an Elder of Okawaru.
             Slain by an orc knight
             ... wielding a +3 glaive
              (21 damage)
             ... on level 2 of the Orcish Mines.
             The game lasted 01:01:46 (15660 turns).

mtoz the Protected (Minotaur Fighter)              Turns: 15660, Time: 01:01:46

Health: -4/110     AC: 23    Str: 24    XL:     12   Next: 62%
Magic:  0/17       EV: 10    Int:  9    God:    Okawaru [****..]
Gold:   1760       SH: 13    Dex: 12    Spells: 11/11 levels left

rFire   + + .      SeeInvis .   L - +3 broad axe (flame)
rCold   . . .      Faith    .   W - +0 kite shield
rNeg    . . .      Spirit   +   V - +0 plate armour {rF+}
rPois   .          Reflect  .   (helmet restricted)
rElec   +          Harm     .   B - +1 cloak of Kikubaaqudgha's Envy {rElec Will+ Int+4 Stlth+}
rCorr   +          Rampage  .   g - +2 pair of gloves
Will    +....                   (no boots)
Stlth   ..........              p - amulet of guardian spirit
HPRegen 0.28/turn               e - ring of resist corrosion
MPRegen 0.15/turn               f - ring of protection from fire

@: heroic, finesse-ful
A: horns 2, retaliatory headbutt
a: Renounce Religion, Heroism, Finesse


You were on level 2 of the Orcish Mines.
You worshipped Okawaru.
Okawaru was greatly pleased with you.
You visited 4 branches of the dungeon, and saw 15 of its levels.

You collected 1760 gold pieces.

Inventory:

Hand Weapons
 a - a +0 war axe of chaos
 o - a +0 great mace
 A - a +1 war axe of draining
 L - a +3 broad axe of flaming (weapon)
 R - a +1 flail of protection
 S - a +3 spear
Missiles
 T - 2 throwing nets
Armour
 b - a +0 scale mail
 c - a +1 buckler
 g - a +2 pair of gloves (worn)
 v - a +2 leather armour of cold resistance
 B - the +1 cloak of Kikubaaqudgha's Envy (worn) {rElec Will+ Int+4 Stlth+}
   (You found it on level 4 of the Dungeon)

   Int:       It affects your intelligence (+4).
   rElec:     It insulates you from electricity.
   Will:      It increases your willpower.
   Stlth:     It makes you more stealthy.
 F - +0 steam dragon scales
 M - +0 acid dragon scales
 O - a +0 chain mail
 Q - a +2 chain mail of cold resistance
 V - a +0 plate armour of fire resistance (worn)
 W - a +0 kite shield (worn)
 X - a +2 scale mail of fire resistance
Jewellery
 e - a ring of resist corrosion (left hand)
 f - a ring of protection from fire (right hand)
 p - an amulet of guardian spirit (around neck)
 y - the ring "Diotwur" {Int+6 Dex-4 Slay+4}
   (You took it off an orc on level 11 of the Dungeon)

   [ring of slaying]

   Int:       It affects your intelligence (+6).
   Dex:       It affects your dexterity (-4).
   Slay:      It affects your accuracy & damage with ranged weapons and melee
   (+4).
 H - an amulet of magic regeneration
Scrolls
 i - 2 scrolls of vulnerability
 j - 3 scrolls of enchant weapon
 n - 5 scrolls of fear
 q - 2 scrolls of immolation
 s - 4 scrolls of enchant armour
 w - a scroll of poison
 C - a scroll of silence
 D - 3 scrolls of blinking {unknown}
 E - 2 scrolls of fog
 I - 4 scrolls of teleportation {unknown}
 J - 2 scrolls of magic mapping
 K - a scroll of amnesia
Potions
 d - 3 potions of might
 h - 4 potions of invisibility
 k - a potion of magic
 l - 3 potions of cancellation
 m - 2 potions of mutation
 r - 2 potions of flight
 t - 6 potions of haste
 u - a potion of lignification
 x - 7 potions of curing
Miscellaneous
 P - a tin of tremorstones (2/2)


   Skills:
 * Level 11.0(16.0) Fighting
 * Level 10.9(15.9) Axes
 * Level 11.1(16.1) Armour
 - Level 5.0(10.0) Dodging
 * Level 11.0(16.0) Shields
 * Level 8.3 Invocations
 * Level 7.4 Evocations


You had 11 spell levels left.
You didn't know any spells.
Your spell library contained the following spells:

 Spells                   Type           Power      Damage    Failure   Level
 Magic Dart               Conj           0%         1d3       99%         1
 Blink                    Tloc           0%         N/A       100%        2
 Poisonous Vapours        Pois/Air       0%         N/A       100%        2
 Scorch                   Fire           0%         2d5       100%        2
 Static Discharge         Conj/Air       0%         3-3/arc   100%        2
 Mephitic Cloud           Conj/Pois/Air  0%         N/A       100%        3
 Corpse Rot               Necr/Pois/Air  0%         N/A       100%        4
 Dispel Undead            Necr           0%         3d6       100%        4
 Flame Wave               Conj/Fire      0%         2d4       100%        4
 Sticky Flame             Conj/Fire      0%         2d3       100%        4
 Alistair's Intoxication  Tmut/Pois      0%         N/A       100%        5
 Borgnjor's Vile Clutch   Necr/Erth      0%         N/A       100%        5
 Manifold Assault         Tloc           0%         N/A       100%        5
 Eringya's Noxious Bog    Tmut/Pois      0%         N/A       100%        6
 Storm Form               Tmut/Air       0%         N/A       100%        7
 Summon Small Mammal      Summ           Unusable   N/A       N/A         1
 Call Imp                 Summ           Unusable   N/A       N/A         2
 Call Canine Familiar     Summ           Unusable   N/A       N/A         3
 Summon Guardian Golem    Hex/Summ       Unusable   N/A       N/A         3
 Summon Cactus Giant      Summ           Unusable   N/A       N/A         6

Dungeon Overview and Level Annotations

Branches:
Dungeon (11/15)            Temple (1/1) D:4            Lair (1/5) D:8
    Orc (2/2) D:9             Elf (0/3) Orc:2

Altars:
Ashenzari
Cheibriados
Dithmenos
Elyvilon
Hepliaklqana
Kikubaaqudgha
Nemelex Xobeh
Okawaru
Qazlal
Ru
Sif Muna
Trog
Uskayaw
Vehumet
Wu Jian
Xom
Yredelemnul
Zin
The Shining One

Shops:
D:1 (   D:10 (


Innate Abilities, Weirdness & Mutations

You have a pair of horns on your head.
You reflexively headbutt those who attack you in melee.


Message History

The orc knight hits you with a +3 glaive!
Things that are here:
a +0 plate armour; a +1 scimitar of freezing You hit the orc knight but do no damage.
You headbutt the orc knight.
The orc knight is lightly wounded.
The orc knight completely misses you.
You hit the orc knight but do no damage.
Your headbutt misses the orc knight.
The orc knight is lightly wounded.
The orc knight hits you with a +3 glaive!!
You barely miss the orc knight.
You headbutt the orc knight, but do no damage.
The orc knight is lightly wounded.
You block the orc knight's attack.
You slash the orc knight! You burn the orc knight.
You headbutt the orc knight, but do no damage.
The orc knight is moderately wounded.
The orc knight hits you with a +3 glaive.
You are too injured to fight recklessly!
You barely miss the orc knight.
You headbutt the orc knight, but do no damage.
The orc knight is moderately wounded.
The orc knight barely misses you.
The orc knight hits you with a +3 glaive!
You hit the orc knight but do no damage.
Your headbutt misses the orc knight.
The orc knight is moderately wounded.
The orc knight hits you with a +3 glaive!
You can now deal lightning-fast blows.
The orc knight hits you with a +3 glaive!
You gain the combat prowess of a mighty hero.
The orc knight hits you with a +3 glaive!!
* * * LOW HITPOINT WARNING * * *
You slice the orc knight!! You burn the orc knight!
You headbutt the orc knight.
The orc knight is almost dead.
You feel better.
The orc knight hits you with a +3 glaive!!
You die...

#...........####.........###
#...........##.............#
##.........##............)).
##.#.........#.#.#.#.#.#.#.#.
#............................
##...........)...............
#...............o...........
#.........)o#.#.#.#.#.#.#.#.
##.......([@#...............
##...>.....[.##.............#
#...).......#####.........###
##......[)...# ###.....###
##...........# #######
#..))#...[)###
#...##.......###
#....##.....##.##
##..#.......##..# #####


You could see an orc knight.

Vanquished Creatures
  An ettin (Orc:2)
  A boulder beetle (D:11)
  2 hydras (D:11)
  3 two-headed ogres
  2 orc high priests (Orc:2)
  Sonja (Orc:2)
  5 orc knights (Orc:2)
  A cyclops (Orc:2)
  A kobold demonologist (D:10)
  A komodo dragon (D:11)
  3 trolls
  2 hornets
  A wraith (D:11)
  22 yaks
  2 steam dragons (D:8)
  Menkaure (D:4)
  A warg (Orc:2)
  An acid dragon (D:7)
  29 orc warriors
  3 black bears
  11 ogres
  3 ice beasts
  A sky beast (D:6)
  5 centaurs
  A phantom (D:5)
  2 kobold brigands
  A bullfrog (D:6)
  A necrophage (D:6)
  4 gnoll sergeants
  A scorpion (D:7)
  3 wights (D:7)
  11 killer bees
  10 howler monkeys
  7 hounds
  2 jellies
  32 orc priests
  A gnoll bouda (D:10)
  2 iguanas (D:6)
  Natasha (thrice) (D:4)
  16 orc wizards
  23 gnolls
  8 adders
  2 ufetubi (D:4)
  3 worms
  4 dart slugs
  85 orcs
  8 ball pythons
  12 bats
  7 endoplasms
  4 giant cockroaches
  5 goblins
  5 hobgoblins
  10 jackals
  15 kobolds
  4 quokkas
  3 frilled lizards (D:1)
  7 rats
405 creatures vanquished.

Vanquished Creatures (others)
  2 orcs
  5 fungi (D:8)
  2 plants (D:8)
  A withered plant (D:5)
10 creatures vanquished.

Grand Total: 415 creatures vanquished

Notes
Turn   | Place    | Note
-------+----------+-------------------------------------------
     0 | D:1      | mtoz the Minotaur Fighter began the quest for the Orb.
     0 | D:1      | Reached XP level 1. HP: 19/19 MP: 0/0
   118 | D:1      | Reached XP level 2. HP: 27/27 MP: 1/1
   305 | D:1      | Found Atedwuodd's Antique Weapon Shop.
   744 | D:2      | Reached XP level 3. HP: 33/33 MP: 2/2
  1033 | D:2      | Reached XP level 4. HP: 39/41 MP: 3/3
  1489 | D:2      | Identified the +5 short sword "Xiclyda" {freeze, rElec
                  | MP+9}
  1756 | D:2      | Identified the +6 falchion "Sasof" {drain, rN+}
  2016 | D:3      | Found a stormy altar of Qazlal.
  2332 | D:3      | Reached XP level 5. HP: 47/47 MP: 4/4
  2438 | D:3      | Found a faded altar of an unknown god.
  2550 | D:3      | Found an ornate altar of the Wu Jian Council.
  2756 | D:4      | Noticed Natasha
  2764 | D:4      | Killed Natasha
  2776 | D:4      | Found a staircase to the Ecumenical Temple.
  2784 | Temple   | Entered the Ecumenical Temple
  2866 | Temple   | Became a worshipper of Warmaster Okawaru
  2899 | D:4      | Reached skill level 5 in Armour
  2903 | D:4      | Noticed Menkaure
  2923 | D:4      | Reached skill level 5 in Fighting
  2924 | D:4      | Reached skill level 5 in Shields
  2929 | D:4      | Killed Menkaure
  2930 | D:4      | Reached skill level 1 in Invocations
  2930 | D:4      | Reached XP level 6. HP: 16/56 MP: 5/5
  3173 | D:4      | Noticed Natasha
  3180 | D:4      | Killed Natasha
  3180 | D:4      | Reached * piety under Okawaru
  3181 | D:4      | Reached skill level 1 in Evocations
  3224 | D:4      | Noticed Natasha
  3232 | D:4      | Killed Natasha
  3233 | D:4      | Reached skill level 1 in Dodging
  3329 | D:4      | Identified the +1 cloak of Kikubaaqudgha's Envy {rElec
                  | Will+ Int+4 Stlth+}
  3414 | D:4      | Reached XP level 7. HP: 13/61 MP: 7/7
  3879 | D:5      | Entered Level 5 of the Dungeon
  3934 | D:5      | Reached skill level 5 in Axes
  3992 | D:5      | Found a basalt altar of Yredelemnul.
  4019 | D:5      | Reached ** piety under Okawaru
  4105 | D:5      | Found a radiant altar of Vehumet.
  4251 | D:5      | Reached XP level 8. HP: 67/70 MP: 7/9
  4983 | D:6      | Found a snail-covered altar of Cheibriados.
  5438 | D:6      | Reached *** piety under Okawaru
  5856 | D:7      | Reached XP level 9. HP: 75/78 MP: 10/10
  6040 | D:7      | Found a shimmering blue altar of Sif Muna.
  6129 | D:7      | Found a sparkling altar of Nemelex Xobeh.
  6217 | D:7      | Found a hide-covered altar of Uskayaw.
  6303 | D:7      | Found a white marble altar of Elyvilon.
  6665 | D:8      | Found a shadowy altar of Dithmenos.
  7030 | D:8      | Found a staircase to the Lair.
  7501 | D:8      | Noticed a two-headed ogre
  7507 | D:8      | Killed a two-headed ogre
  7507 | D:8      | Reached **** piety under Okawaru
  7817 | Lair:1   | Entered Level 1 of the Lair of Beasts
  7817 | Lair:1   | Noticed a cane toad
  7821 | Lair:1   | Noticed a komodo dragon
  7821 | Lair:1   | Noticed a komodo dragon
  7932 | D:9      | Reached skill level 5 in Invocations
  7935 | D:9      | Reached XP level 10. HP: 83/88 MP: 7/12
  7982 | D:9      | Found an ancient bone altar of Kikubaaqudgha.
  8166 | D:9      | Found a sacrificial altar of Ru.
  8291 | D:9      | Reached ***** piety under Okawaru
  8637 | D:9      | Found a glowing silver altar of Zin.
  8639 | D:9      | Found a staircase to the Orcish Mines.
  8846 | D:10     | Entered Level 10 of the Dungeon
  8861 | D:10     | Found Paptae's Weapon Shoppe.
  8980 | D:10     | Noticed a soul eater
  8985 | D:10     | Noticed a smoke demon
  8990 | D:10     | Reached skill level 5 in Evocations
  9064 | D:10     | Identified the +11 great sword of Vodka {spect, Str+4
                  | Int+6} (Okawaru gifted it to you on level 10 of the
                  | Dungeon)
  9064 | D:10     | Received a gift from Okawaru
  9422 | D:10     | Reached XP level 11. HP: 75/97 MP: 14/14
  9948 | D:11     | Noticed a boulder beetle
  9970 | D:11     | Killed a boulder beetle
 10089 | D:11     | Noticed a seven-headed hydra
 10104 | D:11     | Killed a 13-headed hydra
 10105 | D:11     | Reached skill level 5 in Dodging
 10138 | D:11     | Noticed a two-headed ogre
 10144 | D:11     | Killed a two-headed ogre
 10219 | D:11     | Noticed a two-headed ogre
 10225 | D:11     | Killed a two-headed ogre
 10323 | D:11     | Identified the ring "Diotwur" {Int+6 Dex-4 Slay+4}
 10401 | D:11     | Noticed a seven-headed hydra
 10417 | D:11     | Killed a seven-headed hydra
 10417 | D:11     | Received a gift from Okawaru
 10683 | Orc:1    | Entered Level 1 of the Orcish Mines
 10721 | Orc:1    | Reached skill level 10 in Armour
 10949 | Orc:2    | Entered Level 2 of the Orcish Mines
 11010 | Orc:2    | Reached skill level 10 in Fighting
 11142 | Orc:1    | Noticed an orc knight
 11262 | Orc:2    | Noticed an ettin
 11268 | Orc:2    | Killed an ettin
 11269 | Orc:2    | Reached skill level 10 in Shields
 11293 | Orc:2    | Killed an orc knight
 11294 | Orc:2    | Reached skill level 10 in Axes
 11598 | Orc:1    | Reached XP level 12. HP: 96/106 MP: 14/16
 11920 | Orc:1    | Received a gift from Okawaru
 12077 | Orc:2    | Noticed Sonja
 12246 | Orc:2    | Killed Sonja
 12871 | Orc:2    | Found a staircase to the Elven Halls.
 13528 | Orc:2    | Noticed an orc high priest
 13547 | Orc:2    | Killed an orc high priest
 13681 | Orc:2    | Identified a scroll of acquirement
 13682 | Orc:2    | Acquired 458 gold pieces
 15556 | Orc:2    | Noticed an orc high priest
 15571 | Orc:2    | Killed an orc high priest
 15660 | Orc:2    | Slain by an orc knight

Illustrated notes

Levels and vault maps discovered:
D:1:      nicolae_arrival_washed_ashore, layout_basic, serial_shops, shop,
          fountainhead, kennysheep_doodads, skrybe_limestone_x
D:2:      layout_basic, kennysheep_another_room
D:3:      layout_loops_ring, mainiacjoe_overflow_tiny_flanked,
          nicolae_qazlal_scattered_showers, basic_ecumenical_altar
D:4:      layout_cave_pools, temple_green, uniq_natasha, uniq_menkaure
D:5:      layout_rooms, yredelemnul_altar_generic, vehumet_crystals,
          roderic_lattice_a
D:6:      layout_rooms, mainiacjoe_overflow_24_doors, minivault_19,
          hangedman_glass_teeth
D:7:      layout_basic, lemuel_blue_sif_altar, lemuel_round_altar,
          old_standard_altar, nemelex_spade_bored_becter, serial_park_tiny_2
D:8:      layout_basic, grunt_dithmenos_smoke, dpeg_oklobed_lair
D:9:      layout_loops_ring, kennysheep_mini, old_standard_altar,
          mainiacjoe_overflow_paths, orc_0_dummy
D:10:     layout_big_octagon, serial_gnoll_camp, gnoll_camp_mini_basic,
          gnoll_camp_mini_loothouse, gnoll_camp_mini_hut,
          gnoll_camp_mini_sergeant, gnoll_camp_mini_basic, serial_shops,
          nicolae_shop_bloodbath_and_beyond
D:11:     layout_basic
Temple:   nicolae_temple_figure_zero
Lair:1:   layout_hall_layers, basic_altar
Orc:1:    layout_caves
Orc:2:    st_orc_pillars, layout_diamond_mine, uniq_sonja

Skill      XL: |  1  2  3  4  5  6  7  8  9 10 11 12 |
---------------+-------------------------------------+-----
Fighting       | 4 5 6 8 9 10 11 | 11.0
Armour         | 4 5 6 8 9 10 11 | 11.1
Shields        | 4 5 6 7 9 10 11 | 11.0
Axes           | 3 4 5 6 7 8 10 | 10.9
Invocations    | 1 2 3 5 6 7 8 |  8.3
Evocations     | 1 2 3 4 5 6 7 |  7.4
Dodging        | 1 2 3 4 5 |  5.0

Action                   |  1- 3 |  4- 6 |  7- 9 | 10-12 || total
-------------------------+-------+-------+-------+-------++-------
Melee: War axe           |    85 |   108 |    11 |   238 ||   442
       Headbutt          |     8 |    21 |    41 |   118 ||   188
       Hand axe          |       |    18 |   256 |       ||   274
       Broad axe         |       |       |       |   317 ||   317
       Spear             |       |       |       |    15 ||    15
Invok: Heroism           |       |       |     6 |    17 ||    23
       Finesse           |       |       |     1 |     9 ||    10
Evoke: Wand              |       |     8 |    11 |    42 ||    61
  Use: Scroll            |       |     7 |     9 |     7 ||    23
       Potion            |       |     2 |     2 |     2 ||     6
Armor: Scale mail        |    62 |    83 |   117 |       ||   262
       Acid dragon scale |       |       |    31 |    18 ||    49
       Chain mail        |       |       |       |   130 ||   130
       Plate armour      |       |       |       |   112 ||   112
Dodge: Dodged            |    42 |    64 |   134 |   205 ||   445
Block: Buckler           |    24 |    29 |    94 |    71 ||   218
       Kite shield       |       |       |       |   234 ||   234
